[Event "Early-Titled-Tuesday-Blitz-September-12-2023"]
[Site "Chess.com"]
[Date "2023.09.12"]
[Round "10"]
[White "kacprekt"]
[Black "Bilan_Danila"]
[Result "1-0"]
[WhiteElo "2476"]
[BlackElo "2568"]
[TimeControl "180+1"]
[EndTime "9:55:47 PDT"]
[Termination "kacprekt won on time"]

1. e4 c6 2. Nf3 d5 3. exd5 cxd5 4. c4 Nf6 5. cxd5 Nxd5 6. Nc3 Nc6 7. Bc4 e6 8. O-O Be7 9. Qb3 Na5 10. Qa4+ Bd7 11. Bb5 Nc6 12. Nxd5 exd5 13. d4 O-O 14. Ne5 Nxe5 15.
dxe5 Be6 16. Be3 a6 17. Bd3 b5 18. Qd1 d4 19. Bxd4 g6 20. Be3 Rc8 21. Be4 Bc4 22. Qxd8 Rcxd8 23. Rfd1 Rxd1+ 24. Rxd1 Bxa2 25. Ra1 Bc4 26. Rxa6 Rd8 27. Ra8 Rxa8 28. Bxa8 f6 29. f4 fxe5 30.
fxe5 Kf7 31. Kf2 Ke6 32. Bd4 Bd5 33. Bxd5+ Kxd5 34. Ke3 Bg5+ 35. Kd3 Bf4 36. g3 Bxe5 37. Bxe5 Kxe5 38. Kc3 Kd5 39. Kb4 Kc6 40. Ka5 Kc5 41.
b3 h6 42. h3 h5 43. h4 b4 44. Ka4 Kd4 45. Kxb4 Ke4 46. Kc4 Kf3 47. b4 Kxg3 48. b5 Kxh4 49. b6 1-0

[Event "Early-Titled-Tuesday-Blitz-September-12-2023"]
[Site "Chess.com"]
[Date "2023.09.12"]
[Round "10"]
[White "JAN2404"]
[Black "Gazaman_Empire"]
[Result "1-0"]
[WhiteElo "2029"]
[BlackElo "1992"]
[TimeControl "180+1"]
[EndTime "9:55:47 PDT"]
[Termination "JAN2404 won on time"]

1. c4 Nf6 2. Nf3 d6 3. g3 Bg4 4. Bg2 Nc6 5. d4 g6 6. O-O Bg7 7. Qb3 O-O 8. Qxb7 Bxf3 9. Bxf3 Nxd4 10. Na3 Nxf3+ 11. Qxf3 Rb8 12. Rd1 c5 13. Nb5 a6 14.
Nc3 Qb6 15. Rb1 Nd7 16. Bg5 Ne5 17. Qe4 Rfe8 18. Nd5 Qb7 19. f4 Nc6 20. f5 gxf5 21.
Qh4 Bxb2 22. Rd2 Bd4+ 23. Rxd4 Qxb1+ 24. Kg2 Nxd4 25. Nxe7+ Rxe7 26. Bxe7 Qe4+ 27. Kh3 Qxh4+ 28. Kxh4 1-0

[Event "Early-Titled-Tuesday-Blitz-September-12-2023"]
[Site "Chess.com"]
[Date "2023.09.12"]
[Round "10"]
[White "Duhless"]
[Black "JimDiGrease"]
[Result "1-0"]
[WhiteElo "2992"]
[BlackElo "2868"]
[TimeControl "180+1"]
[EndTime "9:55:48 PDT"]
[Termination "Duhless won on time"]

1. d4 d5 2. Nf3 Nf6 3. Bg5 Ne4 4. Bh4 c5 5. e3 Nc6 6. Nbd2 Bf5 7. dxc5 Nxc5 8. Nd4 Bd7 9. c4 dxc4 10. Nxc4 Be6 11.
Nxe6 Nxe6 12. Qb3 Nc5 13. Qb5 Qd5 14. Rd1 Qf5 15. b4 Nd3+ 16. Bxd3 Qxb5 17. Nd6+ exd6 18.
Bxb5 a6 19. Ba4 Be7 20. Bg3 b5 21. Bb3 Nxb4 22. Ke2 Rc8 23. Bxd6 Bxd6 24. Rxd6 Ke7 25. Rhd1 Rhd8 26. Rxd8 Rxd8 27. Rxd8 Kxd8 28. Bxf7 Nc6 29. f4 Ke7 30. Bg8 h6 31. e4 a5 32.
Kd3 g5 33. g3 a4 34. Bd5 Nb4+ 35. Kd4 gxf4 36. gxf4 Na6 37. Bc6 b4 38. Bxa4 1-0

[Event "Early-Titled-Tuesday-Blitz-September-12-2023"]
[Site "Chess.com"]
[Date "2023.09.12"]
[Round "10"]
[White "grzechu96"]
[Black "LangesNasenhaar"]
[Result "1-0"]
[WhiteElo "2645"]
[BlackElo "2451"]
[TimeControl "180+1"]
[EndTime "9:55:48 PDT"]
[Termination "grzechu96 won on time"]

1. e4 g6 2. d4 Bg7 3. Nf3 c6 4. Nc3 d5 5. h3 Nf6 6. e5 Ne4 7. Bd3 Nxc3 8. bxc3 c5 9. c4 cxd4 10.
cxd5 Qa5+ 11. Bd2 Qxd5 12. Qe2 Nc6 13. Be4 Qc5 14. Rb1 a6 15. O-O O-O 16. Bxc6 Qxc6 17.
Nxd4 Qd5 18. Nf3 Qxa2 19. c4 Be6 20. Rfc1 Rac8 21. Rxb7 Bxc4 22. Qe3 Rfe8 23. Bb4 Bd5 24. Rxc8 Rxc8 25. Rxe7 Bf8 26. Bd6 Bxf3 27. Qxf3 Bxe7 28. Bxe7 Qb1+ 29. Kh2 Qf5 30. Qe3 a5 31. Bf6 Qh5 32. g4 1-0

[Event "Early-Titled-Tuesday-Blitz-September-12-2023"]
[Site "Chess.com"]
[Date "2023.09.12"]
[Round "10"]
[White "santosalberto1987"]
[Black "MarijaKuznecova"]
[Result "1/2-1/2"]
[WhiteElo "2538"]
[BlackElo "2419"]
[TimeControl "180+1"]
[EndTime "9:55:51 PDT"]
[Termination "Game drawn by repetition"]

1. e4 c5 2. Nf3 d6 3. Bb5+ Bd7 4. Bxd7+ Qxd7 5. c4 Nf6 6. Nc3 g6 7. d4 cxd4 8. Nxd4 Bg7 9. f3 O-O 10. Be3 Rc8 11. b3 Nc6 12. Rc1 e6 13. O-O d5 14.
Nxc6 bxc6 15. e5 Ne8 16. f4 h5 17. Na4 Bf8 18. Bc5 Bxc5+ 19. Nxc5 Qe7 20. Qd4 Nc7 21. Rf3 Rd8 22. Nb7 Rd7 23. Nd6 c5 24.
Qxc5 Ne8 25. cxd5 Rc7 26. Qa3 Rxc1+ 27. Qxc1 Nxd6 28. exd6 Qxd6 29. dxe6 Qxe6 30. f5 Qb6+ 31. Kh1 Re8 32. h3 Qa5 33. b4 Qxb4 34. Qh6 Qe1+ 35.
Kh2 Qe5+ 36. Kh1 Qe1+ 37. Kh2 Qe5+ 38. Kg1 Qd4+ 39. Kh1 Qa1+ 40. Kh2 Qe5+ 1/2-1/2

[Event "Early-Titled-Tuesday-Blitz-September-12-2023"]
[Site "Chess.com"]
[Date "2023.09.12"]
[Round "10"]
[White "ChessTankMan"]
[Black "vedantgoswami"]
[Result "0-1"]
[WhiteElo "2499"]
[BlackElo "2348"]
[TimeControl "180+1"]
[EndTime "9:55:51 PDT"]
[Termination "vedantgoswami won on time"]

1. e4 e5 2. Nf3 Nc6 3. Bb5 a6 4. Ba4 g6 5. O-O Bg7 6. c3 Nge7 7. d4 O-O 8. d5 Nb8 9. d6 Nec6 10.
Bg5 f6 11. Be3 b5 12. Bb3+ Kh8 13. dxc7 Qxc7 14. Bc5 Rd8 15. Bd6 Qb6 16. h4 Na5 17. h5 Bb7 18. hxg6 hxg6 19. Nh4 Nxb3 20. Nxg6+ Kh7 21.
Ne7 Bxe4 22. Qh5+ Bh6 23. Qf7+ Bg7 24. Qh5+ Bh6 25. Qh4 Qxd6 26. Qxe4+ Kh8 27. Nf5 Qf8 28. axb3 d5 29. Qh4 Kh7 30. Nd2 Nc6 31. Nf3 Qf7 32.
g3 Qg6 0-1

[Event "Early-Titled-Tuesday-Blitz-September-12-2023"]
[Site "Chess.com"]
[Date "2023.09.12"]
[Round "10"]
[White "IwkooO"]
[Black "assezde36"]
[Result "1-0"]
[WhiteElo "2671"]
[BlackElo "2803"]
[TimeControl "180+1"]
[EndTime "9:55:54 PDT"]
[Termination "IwkooO won by checkmate"]

1. e4 c6 2. d4 d5 3. f3 e6 4.
Nc3 Bb4 5. Qd3 Ne7 6. Ne2 Nd7 7. a3 Ba5 8. Be3 O-O 9. e5 c5 10. f4 Nf5 11. dxc5 f6 12. b4 Bc7 13. exf6 Nxf6 14.
O-O-O Nxe3 15. Qxe3 Ng4 16. Qf3 Ne5 17. Qg3 Nc4 18.
Nb5 Qf6 19. c3 Bb8 20. Rd4 a6 21. Rxc4 axb5 22. Rd4 Rxa3 23. Kb2 Ra7 24. Qe3 e5 25. fxe5 Qa6 26. Nc1 Qa1+ 27. Kc2 Re8 28. Bd3 Bxe5 29. Re1 Qa4+ 30. Kd2 Bd7 31. Rxd5 Bxc3+ 32. Kxc3 Rxe3 33. Rxe3 Qa1+ 34. Kd2 Ra2+ 35. Bc2 Bc6 36. Rd8+ Kf7 37. Nxa2 Qxa2 38. Rd4 Qa1 39. Rf4+ Kg8 40. Bb3+ Kh8 41. Rf8# 1-0

[Event "Early-Titled-Tuesday-Blitz-September-12-2023"]
[Site "Chess.com"]
[Date "2023.09.12"]
[Round "10"]
[White "tdf98pantani"]
[Black "DTChess"]
[Result "1-0"]
[WhiteElo "2746"]
[BlackElo "2530"]
[TimeControl "180+1"]
[EndTime "9:55:55 PDT"]
[Termination "tdf98pantani won by resignation"]

1. e4 e5 2. Nf3 Nc6 3. Nc3 g6 4.
d4 exd4 5. Nd5 Bg7 6. Bg5 Nce7 7. Nxd4 c6 8. Nc3 Qb6 9. Nb3 h6 10. Be3 Qc7 11. Qd2 d5 12. exd5 Nxd5 13. Nxd5 cxd5 14.
Bb5+ Kf8 15. O-O-O Be6 16. Rhe1 Nf6 17. Nc5 Ne4 18.
Qb4 Nxc5 19. Qxc5+ Qxc5 20. Bxc5+ Kg8 21. Ba4 Rc8 22.
Be3 Kh7 23. Bb3 a6 24. Bxd5 Bf5 25. Rd2 Rhd8 26. c3 b5 27. Bxf7 b4 28. Rxd8 Rxd8 29. c4 a5 30. Bd5 a4 31. Rd1 a3 32. b3 Bb2+ 33. Kd2 Bc3+ 34. Ke2 Bc2 35. Rc1 Bxb3 36.
axb3 a2 37. Bc5 Rb8 38. Kd3 a1=Q 39. Rxa1 Bxa1 40. Bd6 Re8 41. c5 Re1 42. c6 Rd1+ 43.
Kc4 Rc1+ 44. Kb5 Bd4 45. c7 Bxf2 46. Bc6 1-0

[Event "Early-Titled-Tuesday-Blitz-September-12-2023"]
[Site "Chess.com"]
[Date "2023.09.12"]
[Round "10"]
[White "AndreiITrifan"]
[Black "MightyGMpretender"]
[Result "1-0"]
[WhiteElo "2655"]
[BlackElo "2790"]
[TimeControl "180+1"]
[EndTime "9:55:56 PDT"]
[Termination "AndreiITrifan won on time"]

1. Nf3 Nf6 2. e3 g6 3. b3 Bg7 4.
Bb2 O-O 5. Be2 d6 6. d4 e5 7. dxe5 Nfd7 8. O-O Nc6 9. c4 dxe5 10. Nc3 e4 11. Ne1 f5 12. g3 Nde5 13. Qc2 Nb4 14. Qb1 Be6 15. Ba3 c5 16. Qb2 a5 17. Rd1 Qg5 18.
Qb1 Rad8 19. Bxb4 axb4 20. Nd5 Rd7 21. Ng2 Rfd8 22. Ngf4 Bf7 23. h4 Qh6 24. Nb6 Rxd1 25. Rxd1 Re8 26. Nd7 g5 27. Nxe5 Bxe5 28. hxg5 Qxg5 29.
Rd7 h5 30. Rxf7 h4 31. Rd7 hxg3 32. Qf1 gxf2+ 33. Kxf2 Bxf4 34. exf4 Qxf4+ 35. Kg1 Qe3+ 36. Qf2 Qc1+ 37. Bf1 Qg5+ 38. Bg2 f4 39. Qd2 1-0

[Event "Early-Titled-Tuesday-Blitz-September-12-2023"]
[Site "Chess.com"]
[Date "2023.09.12"]
[Round "10"]
[White "Nf3c5"]
[Black "Zurability"]
[Result "0-1"]
[WhiteElo "2588"]
[BlackElo "2805"]
[TimeControl "180+1"]
[EndTime "9:55:56 PDT"]
[Termination "Zurability won on time"]

1. d4 Nf6 2. c4 e6 3. Nc3 Bb4 4. e3 O-O 5. Bd3 d5 6. a3 Bxc3+ 7. bxc3 c5 8. cxd5 exd5 9. Ne2 b6 10. O-O Ba6 11.
f3 Re8 12. Ng3 h5 13. Bb2 Rxe3 14. Bxa6 Nxa6 15. c4 dxc4 16. Qa4 Nc7 17. Qxc4 Qd5 18. Qc1 Re6 19. dxc5 bxc5 20. Qf4 Nce8 21. Rad1 Qb3 22. Rd2 c4 23. Rc1 Rc8 24. Rdc2 c3 25. Rxc3 Rxc3 26.
Bxc3 Nd5 27. Qd2 Qxa3 28. Bd4 h4 29. Ne4 h3 30. Ra1 Qb3 31. Qg5 hxg2 32. Qxg2 Qd3 33. Bb2 Nf4 34. Qd2 Rg6+ 35. Kh1 Qxf3+ 0-1

[Event "Early-Titled-Tuesday-Blitz-September-12-2023"]
[Site "Chess.com"]
[Date "2023.09.12"]
[Round "10"]
[White "CraiggoryC"]
[Black "Pumpkin_in_moonlight"]
[Result "1-0"]
[WhiteElo "2238"]
[BlackElo "2209"]
[TimeControl "180+1"]
[EndTime "9:55:56 PDT"]
[Termination "CraiggoryC won on time"]

1. e4 e5 2. Nc3 Nf6 3. g3 Bc5 4. Bg2 d6 5. Nge2 Nc6 6. O-O h5 7. h3 h4 8. g4 Be6 9. Nd5 Ne7 10.
Nxf6+ gxf6 11. d4 Bb6 12. c3 c6 13. f4 Bc4 14. Be3 Bxe2 15. Qxe2 exd4 16. cxd4 d5 17. e5 f5 18. a4 Qd7 19. a5 Bc7 20. a6 b6 21.
Rfc1 O-O-O 22. Ra3 Kb8 23. Rac3 fxg4 24. Qxg4 Qxg4 25.
hxg4 h3 26. Bf3 h2+ 27. Kh1 Rh3 28. Bf2 Rdh8 29. Bg2 Rxc3 30. Rxc3 Ng6 31. Bg3 Bd8 32. f5 Nh4 33. e6+ Kc8 34. Rxc6+ 1-0

[Event "Early-Titled-Tuesday-Blitz-September-12-2023"]
[Site "Chess.com"]
[Date "2023.09.12"]
[Round "10"]
[White "C_K_G"]
[Black "AleksandrAleksikov"]
[Result "1-0"]
[WhiteElo "2010"]
[BlackElo "2267"]
[TimeControl "180+1"]
[EndTime "9:55:58 PDT"]
[Termination "C_K_G won on time"]

1. e4 c5 2. Nf3 d6 3. d4 Nf6 4.
Nc3 cxd4 5. Nxd4 a6 6. Be2 e5 7. Nb3 Be6 8. Be3 Be7 9. O-O O-O 10. f4 Qc7 11. f5 Bd7 12. g4 Bc6 13. Bf3 h6 14. h4 Nh7 15. Qe1 b5 16. a3 Nd7 17.
Qg3 f6 18. Kh2 a5 19. Rg1 b4 20. axb4 axb4 21. Rxa8 Rxa8 22. Nd1 Qb7 23. Qg2 Nb6 24. g5 fxg5 25. hxg5 Bxg5 26. Bh5 Bxe4 27. Qd2 Rc8 28. Qxd6 Rxc2+ 29. Bf2 Bf4+ 30. Kh3 Bxf5+ 31. Bg4 Qf3+ 32. Kh4 Bg5+ 33. Kh5 g6+ 34. Qxg6+ Bxg6+ 35. Kxg6 1-0

[Event "Early-Titled-Tuesday-Blitz-September-12-2023"]
[Site "Chess.com"]
[Date "2023.09.12"]
[Round "10"]
[White "Arteler"]
[Black "the_chess_child"]
[Result "0-1"]
[WhiteElo "2451"]
[BlackElo "2879"]
[TimeControl "180+1"]
[EndTime "9:55:59 PDT"]
[Termination "the_chess_child won by resignation"]

1. e4 c5 2. Nf3 d6 3. Bb5+ Bd7 4. Bxd7+ Qxd7 5. O-O Nc6 6. c3 d5 7. exd5 Qxd5 8. d4 e6 9. Na3 Nf6 10. Nb5 Rc8 11.
Be3 c4 12. a4 a6 13. Na3 Bd6 14. Qe2 Na5 15. h3 Nb3 16. Rae1 Bxa3 17. bxa3 O-O 18. Bg5 Nd7 19. Ne5 Nb6 20. Qg4 f6 21. Bh6 Rc7 22.
Nf3 Re7 23. Re2 Nxa4 24. Rfe1 e5 25. dxe5 f5 26. Qg3 Nxc3 27. Re3 Ne4 28. Qh4 Re6 29. Bf4 Nbc5 30. Ng5 Rh6 31. Qxh6 gxh6 32. Nxe4 fxe4 33. Bxh6 Rf7 34. f3 exf3 35. gxf3 Rxf3 36. Kh2 Rxe3 37. Rxe3 Ne6 38. Kg3 Qd4 39. Rf3 c3 0-1

[Event "Early-Titled-Tuesday-Blitz-September-12-2023"]
[Site "Chess.com"]
[Date "2023.09.12"]
[Round "10"]
[White "NotFischer"]
[Black "Apocalyps999"]
[Result "1-0"]
[WhiteElo "2290"]
[BlackElo "2294"]
[TimeControl "180+1"]
[EndTime "9:56:00 PDT"]
[Termination "NotFischer won by checkmate"]

1. e4 e5 2. f4 d5 3. exd5 e4 4. d3 exd3 5. Bxd3 Nf6 6. Nf3 Nxd5 7. Qe2+ Be7 8. O-O O-O 9. c4 Nb4 10. Be4 N8c6 11. Rd1 Qe8 12. a3 Bc5+ 13. Kh1 Na6 14. b4 Bf5 15. Nc3 Bxe4 16. Nxe4 f5 17. Ng3 Qxe2 18. Nxe2 Rae8 19. Ng3 Bf2 20. b5 Nc5 21. bxc6 bxc6 22. Bb2 g6 23. Ne5 Be3 24. Bc1 Nb3 25.
Bxe3 Nxa1 26. Rxa1 Re6 27. Bc5 Rb8 28. Rd1 a5 29. h4 h5 30. Kh2 Rb3 31. Rd7 Rb7 32.
Rd8+ Kh7 33. Bd4 c5 34. Nf7 cxd4 35. Ng5+ Kh6 36. Nxe6 c5 37. Rh8+ Rh7 38. Rxh7+ Kxh7 39. Nxc5 Kg7 40. Nb3 d3 41. Nf1 a4 42. Nc5 Kf6 43.
Nxd3 Ke7 44. Kg3 Kd6 45. Kf3 Kc6 46. Ke3 Kb6 47. Kd4 Kc6 48. Ne3 Kd6 49. c5+ Kc6 50. Kc4 Kc7 51. Kd5 Kd7 52. c6+ Kd8 53. Kd6 Kc8 54. Nc5 Kb8 55. Nd5 Kc8 56. c7 g5 57.
Nb6# 1-0

[Event "Early-Titled-Tuesday-Blitz-September-12-2023"]
[Site "Chess.com"]
[Date "2023.09.12"]
[Round "10"]
[White "Grossboss19"]
[Black "Chaos_Magic"]
[Result "1/2-1/2"]
[WhiteElo "2526"]
[BlackElo "2386"]
[TimeControl "180+1"]
[EndTime "9:56:01 PDT"]
[Termination "Game drawn by repetition"]

1. c4 e5 2. Nc3 Nc6 3. g3 g6 4. Bg2 Bg7 5. Nf3 d6 6. O-O f5 7. b3 Nf6 8. Bb2 O-O 9. e3 e4 10. Ne1 Re8 11. d4 d5 12. cxd5 Nxd5 13. Nxd5 Qxd5 14.
Rc1 Be6 15. Ba3 Rad8 16. Rc5 Qd7 17. Qc1 Qf7 18. Nc2 Rd7 19. Rd1 Ne7 20. Ra5 a6 21.
Bxe7 Qxe7 22. Rc5 Bf8 23. Rc3 Bd5 24. a3 a5 25. b4 Ra8 26. Qb2 c6 27. Bf1 g5 28. b5 f4 29. bxc6 bxc6 30. Bc4 f3 31.
Rc1 Qe6 32. Bf1 Qf7 33. a4 Rb7 34. Qa1 Qe6 35. Na3 Bb4 36. R3c2 Rab8 37. Nc4 h6 38. Ne5 Rb6 39. Nc4 R6b7 40. Ne5 Rb6 41. Nc4 R6b7 1/2-1/2

[Event "Early-Titled-Tuesday-Blitz-September-12-2023"]
[Site "Chess.com"]
[Date "2023.09.12"]
[Round "10"]
[White "Mesa_1"]
[Black "secretsuperstar7"]
[Result "0-1"]
[WhiteElo "2595"]
[BlackElo "2448"]
[TimeControl "180+1"]
[EndTime "9:56:03 PDT"]
[Termination "secretsuperstar7 won by checkmate"]

1. e4 c5 2. Nf3 Nc6 3. c3 Nf6 4. e5 Nd5 5. Bc4 Nb6 6. Bb3 c4 7. Bc2 d5 8. exd6 Qxd6 9. O-O g6 10. b3 Bg7 11. Na3 cxb3 12. Nb5 Qd8 13. axb3 O-O 14.
Re1 a6 15. Na3 Nb4 16. Bb1 N4d5 17. Bb2 Bg4 18. h3 Bxf3 19. Qxf3 Rc8 20. Ba2 Qc7 21. Nc2 a5 22. Na3 Rfd8 23. Nc4 Nxc4 24. bxc4 Nb6 25. Ba3 e6 26. Rab1 Rxd2 27. Bb3 Rcd8 28. c5 Nd5 29. Bxd5 R2xd5 30. c4 Rd3 31. Re3 Rxe3 32. Qxe3 Bd4 33. Qf3 Rd7 34. Rd1 e5 35. h4 e4 36. Qg4 f5 37. Qe2 Qf4 38. h5 Bxf2+ 39. Kf1 Rxd1+ 40. Qxd1 Be3+ 41. Ke2 Qf2# 0-1

[Event "Early-Titled-Tuesday-Blitz-September-12-2023"]
[Site "Chess.com"]
[Date "2023.09.12"]
[Round "10"]
[White "Journey_to_GrandMaster_YT"]
[Black "Smiechu"]
[Result "1-0"]
[WhiteElo "2605"]
[BlackElo "2468"]
[TimeControl "180+1"]
[EndTime "9:56:03 PDT"]
[Termination "Journey_to_GrandMaster_YT won by resignation"]

1. Nf3 Nf6 2. d4 c5 3. d5 e6 4. c4 exd5 5. cxd5 d6 6. g3 g6 7.
Bg2 Bg7 8. O-O O-O 9. Nfd2 Nbd7 10. a4 a6 11. Nc4 Nb6 12. Nca3 Re8 13. a5 Nbd7 14. Nc4 Ne5 15. Nb6 Rb8 16. h3 Nh5 17. Kh2 Nd7 18. Nc4 Ne5 19. Nb6 Nd7 20. Nxc8 Rxc8 21.
Nc3 f5 22. Qb3 f4 23. g4 Be5 24. Bf3 Ng7 25. Qxb7 Nf6 26. Qxa6 h5 27. g5 Ng4+ 28. hxg4 hxg4 29. Bxg4 Qxg5 30. f3 Qh4+ 31. Kg2 Qg3+ 32. Kh1 Bxc3 33. bxc3 Kf7 34. Qb7+ Kf6 35. Qxc8 Rxc8 36.
Bxc8 Qh4+ 37. Kg2 Qg3+ 38. Kh1 Nh5 39. Rg1 Qh4+ 40. Kg2 Ng3 41. Bg4 Nxe2 42. Rh1 Qg3+ 43. Kf1 Nxc3 44. Bb2 1-0

[Event "Early-Titled-Tuesday-Blitz-September-12-2023"]
[Site "Chess.com"]
[Date "2023.09.12"]
[Round "10"]
[White "TigrVShlyape"]
[Black "artooon"]
[Result "0-1"]
[WhiteElo "2942"]
[BlackElo "3051"]
[TimeControl "180+1"]
[EndTime "9:56:05 PDT"]
[Termination "artooon won on time"]

1. d4 d5 2. Bf4 e6 3. e3 Nf6 4. Nf3 c5 5. c3 Bd6 6. Bb5+ Nc6 7.
Bg3 O-O 8. Nbd2 Qe7 9. Bxc6 bxc6 10. Qa4 Bxg3 11. hxg3 Rb8 12. b3 cxd4 13. cxd4 Rb6 14.
Qa5 Ba6 15. Ne5 Nd7 16. Nxd7 Qxd7 17. Rc1 Rc8 18. Rc5 e5 19. dxe5 d4 20. exd4 Qxd4 21.
Qc3 Qg4 22. Qe3 Rd8 23. Rh4 Qg6 24. Rd4 Rbb8 25. Ne4 Rxd4 26. Qxd4 Qh5 27. f3 Qh1+ 28. Kd2 Qxg2+ 29. Qf2 Rd8+ 30. Kc3 Qh1 31. Kb2 Bd3 32. Nc3 h5 33. Rxc6 Bg6 34. Rd6 Rc8 35. f4 Bf5 36. Qd2 Qf3 37. Rd8+ Rxd8 38. Qxd8+ Kh7 39.
Qg5 Qf2+ 40. Ka3 Qc5+ 41. Kb2 Qf2+ 42. Ka3 Qc5+ 43. Kb2 g6 44. Qf6 Be6 45. f5 Qf2+ 46.
Ka3 Qxf5 47. Qxf5 Bxf5 48. Kb4 g5 49. Nd5 h4 50. gxh4 gxh4 51. Nf4 h3 0-1

[Event "Early-Titled-Tuesday-Blitz-September-12-2023"]
[Site "Chess.com"]
[Date "2023.09.12"]
[Round "10"]
[White "The_Princess_Moon"]
[Black "S-Fazulyanov"]
[Result "0-1"]
[WhiteElo "2274"]
[BlackElo "2441"]
[TimeControl "180+1"]
[EndTime "9:56:06 PDT"]
[Termination "S-Fazulyanov won by checkmate"]

1. e4 c5 2. Nf3 Nc6 3. Bb5 g6 4. Bxc6 dxc6 5. O-O Bg7 6. Re1 e5 7. d3 Ne7 8. Be3 b6 9. a3 h6 10. b4 cxb4 11. axb4 O-O 12. Qd2 Kh7 13. Nc3 f5 14. Qc1 f4 15. Bd2 g5 16. b5 c5 17. Rd1 Bg4 18. Ne2 Ng6 19. Qb2 Bxf3 20. gxf3 Nh4 21. Nc3 Qd7 22. Kf1 Qh3+ 23. Ke1 Qxf3 24. Nd5 Qh3 25.
Bc3 Qxh2 26. Kd2 Qxf2+ 27. Kc1 Nf3 28. Kb1 Qe2 29. Ka2 a6 30. Kb3 axb5 31. Rxa8 Rxa8 32. Nxb6 Rb8 33. Nd7 Rb7 34. Nxc5 Rc7 35. Ne6 Rxc3+ 36. Qxc3 Qxd1 37. Nxg7 Nd4+ 38. Kb4 Qb1+ 39. Kc5 Kxg7 40. Kd6 Qxc2 41. Qa5 Qc6+ 42. Kxe5 Nf3+ 43. Kf5 Qf6+ 44. Kg4 Ne5+ 45. Kh3 Qe6+ 46. Kg2 Qg4+ 47. Kf1 Qf3+ 48. Ke1 Nxd3+ 49. Kd2 Qe3+ 50. Kc2 Qe2+ 51.
Kb1 Qb2# 0-1

[Event "Early-Titled-Tuesday-Blitz-September-12-2023"]
[Site "Chess.com"]
[Date "2023.09.12"]
[Round "10"]
[White "Arek_pacitan"]
[Black "Rosh1610"]
[Result "0-1"]
[WhiteElo "2597"]
[BlackElo "2470"]
[TimeControl "180+1"]
[EndTime "9:56:12 PDT"]
[Termination "Rosh1610 won on time"]

1. Nf3 d5 2. b3 Nf6 3. Bb2 g6 4. c4 c6 5. g3 Bg7 6. Bg2 O-O 7.
O-O Nbd7 8. d3 Re8 9. Nbd2 e5 10. cxd5 cxd5 11. Rc1 b6 12. Qc2 Ba6 13. Qc7 Qe7 14. Bh3 Rec8 15. Nxe5 Rxc7 16. Rxc7 Qd6 17. Nxd7 Qxc7 18.
Nxf6+ Bxf6 19. Bxf6 Qc2 20. Nf3 Qxe2 21. Ne5 Re8 22.
Bg4 Qxa2 23. Rc1 Qxb3 24. Rc7 Bxd3 25. Rxf7 Qb1+ 26. Kg2 Qf1+ 27. Kf3 Rxe5 28. Rg7+ Kf8 29. Bxe5 Qe2+ 30. Kg2 Qxe5 31. Rxa7 Be4+ 32. f3 Qb2+ 33. Kh3 Bf5 34. Bxf5 gxf5 35. Rxh7 d4 36. Kh4 d3 0-1

[Event "Early-Titled-Tuesday-Blitz-September-12-2023"]
[Site "Chess.com"]
[Date "2023.09.12"]
[Round "10"]
[White "MartinMatthiesen"]
[Black "Daniel_Salinas"]
[Result "1-0"]
[WhiteElo "2531"]
[BlackElo "2379"]
[TimeControl "180+1"]
[EndTime "9:56:13 PDT"]
[Termination "MartinMatthiesen won on time"]

1. d4 d5 2. Bf4 c5 3. e3 Nf6 4.
Nf3 e6 5. Nbd2 Bd6 6. Bg3 Qc7 7. c4 Bxg3 8. hxg3 cxd4 9. Nxd4 Nc6 10. Nb5 Qe7 11.
cxd5 exd5 12. Nf3 Bg4 13. Be2 Bxf3 14. gxf3 Qb4+ 15. Qd2 Qxd2+ 16. Kxd2 O-O 17. g4 a6 18. Nd4 Nxd4 19. exd4 Rfe8 20. Bd3 g6 21. Rh4 Nd7 22. Rah1 Nf8 23. f4 Re6 24. f5 Rb6 25.
b3 Rb4 26. g5 a5 27. Bc2 Rc8 28. R1h3 a4 29. Rc3 Re8 30. a3 Rb6 31. b4 f6 32. fxg6 hxg6 33. Bxa4 fxg5 34. Rg4 Re4 35. f3 Rxg4 36. fxg4 Rf6 37. Bb3 Rf4 38. Bxd5+ Kg7 39.
Rc7+ Kh6 40. Ke3 Rxg4 41. Rxb7 Rg3+ 42. Kf2 Rxa3 43. Bf3 Ne6 44. d5 Nd4 45. Be4 1-0

[Event "Early-Titled-Tuesday-Blitz-September-12-2023"]
[Site "Chess.com"]
[Date "2023.09.12"]
[Round "10"]
[White "CSB7"]
[Black "Fandorine"]
[Result "0-1"]
[WhiteElo "2714"]
[BlackElo "2909"]
[TimeControl "180+1"]
[EndTime "9:56:14 PDT"]
[Termination "Fandorine won by checkmate"]

1. e4 e5 2. Nf3 Nc6 3. Bc4 Nf6 4. d3 Be7 5. O-O O-O 6. Nc3 d6 7. a4 Bg4 8. h3 Bh5 9. Be3 Qc8 10. Nd5 Nxd5 11.
Bxd5 Kh8 12. g4 Bg6 13. c3 Nd8 14. b4 Ne6 15. Kg2 c6 16. Bb3 Qd7 17. Qe2 Rae8 18. a5 Bd8 19. Rfd1 Bc7 20. Kh1 d5 21. exd5 cxd5 22. Ba4 Qd6 23. Bc5 Nxc5 24. bxc5 Qf6 25. Bxe8 e4 26. Bd7 exf3 27. Qf1 Qxc3 28.
d4 Qc2 29. a6 b6 30. Bc6 Be4 31. Rac1 Qe2 32. Re1 Qd2 33. Rcd1 Qf4 34. Qg1 bxc5 35.
dxc5 f5 36. g5 Qh4 37. Qf1 h6 38. Bxd5 hxg5 39. Bxe4 fxe4 40. Rd4 Re8 41. Rd5 Qf4 42. Rd7 Qh2# 0-1

[Event "Early-Titled-Tuesday-Blitz-September-12-2023"]
[Site "Chess.com"]
[Date "2023.09.12"]
[Round "10"]
[White "KorolDimitriy75"]
[Black "LUISMIGUELOV"]
[Result "1-0"]
[WhiteElo "2379"]
[BlackElo "2131"]
[TimeControl "180+1"]
[EndTime "9:56:14 PDT"]
[Termination "KorolDimitriy75 won by checkmate"]

1. d4 d5 2. c4 c6 3. Nc3 Nf6 4. e3 g6 5. Nf3 Bg7 6. h3 O-O 7.
Bd3 dxc4 8. Bxc4 Nbd7 9. O-O c5 10.
Re1 cxd4 11. exd4 Nb6 12. Bb3 Nbd5 13. Ne5 Be6 14. Qf3 Qc8 15. Nxd5 Nxd5 16. Bxd5 Bxd5 17. Qxd5 e6 18. Qe4 b6 19. Be3 Qa6 20. a3 Rad8 21.
Rac1 Qa4 22. Qc2 Qb5 23. b4 Rd5 24. Nc6 Kh8 25. a4 Qa6 26. b5 Qb7 27. Qb3 Rf5 28. Red1 a6 29. d5 exd5 30. Rxd5 Rxd5 31. Qxd5 axb5 32.
axb5 h5 33. Bd4 Qa8 34. Bxg7+ Kxg7 35. Qd4+ Kh7 36. Qxb6 Qa3 37. Qc5 Qb2 38. Rc2 Qb1+ 39. Rc1 Qb2 40. Qc4 Kg8 41. h4 Re8 42. g3 Re6 43.
Nd4 Rb6 44. Rd1 Rd6 45. Rd3 Kg7 46. Kg2 Qb1 47. Nf5+ gxf5 48. Rxd6 f4 49. Qxf4 Qb3 50. Qf6+ Kh7 51. Qh6+ Kg8 52. Rd8# 1-0

[Event "Early-Titled-Tuesday-Blitz-September-12-2023"]
[Site "Chess.com"]
[Date "2023.09.12"]
[Round "10"]
[White "Cheer_Down"]
[Black "WaybackBoy"]
[Result "0-1"]
[WhiteElo "2438"]
[BlackElo "2704"]
[TimeControl "180+1"]
[EndTime "9:56:16 PDT"]
[Termination "WaybackBoy won by resignation"]

1. e4 c5 2. Nf3 d6 3. Bb5+ Nd7 4.
d4 cxd4 5. Nxd4 Nf6 6. O-O a6 7. Bd3 g6 8. c4 Bg7 9. Nc3 O-O 10. Re1 Nc5 11. Bf1 Bd7 12. f3 Rc8 13. Be3 Qa5 14. Qd2 Rfe8 15. a3 Qc7 16. b4 Ne6 17. Nb3 b5 18.
Nd5 Nxd5 19. cxd5 Bxa1 20. dxe6 Bxe6 21. Nxa1 Qc3 22. Rc1 Qxa3 23. Nc2 Qc3 24. Qf2 Bc4 25. Bd4 Qb3 26. Ne3 Bxf1 27. Qxf1 Qxb4 28. Ba1 Rxc1 29. Qxc1 Qc5 30. Qd2 Rc8 31. Bb2 h5 32. Kf1 e6 33. h4 b4 34. g4 a5 35. gxh5 gxh5 36. Qg2+ Kf8 37. Qg7+ Ke8 38. Bf6 Qxe3 39. Qg8+ Kd7 40.
Qxf7+ Kc6 41. Qxe6 Qxf3+ 42. Ke1 Qe3+ 43. Kd1 Qd3+ 44. Ke1 Rc7 45. Qe8+ Kb7 46. Qb5+ Qxb5 0-1